[Event "7th Iberoamerican-ch 2019"]
[Site "Linares"]
[Date "2019.08.17"]
[Round "8.4"]
[White "Henriquez Villagra, Cristobal"]
[Black "Sosa, Tomas"]
[Result "1-0"]
[ECO "A21"]
[WhiteElo "2562"]
[BlackElo "2508"]
[Annotator "ChessBase"]
[PlyCount "135"]
[EventDate "2019.08.10"]
[EventType "swiss"]
[EventCountry "ESP"]
[SourceTitle "playchess.com"]
[Source "ChessBase"]
[SourceQuality "1"]
[TimeControl "5400+30"]

1. c4 e5 2. Nc3 Bb4 3. Nd5 Bc5 4. b4 Bf8 5. Bb2 c6 6. Ne3 d6 7. g3 Be7 8. Bg2 f5 9. c5 Be6 10. Nf3 Bf6 11. Qc2 Ne7 12. Bh3 g6 13. g4 Na6 14. a3 dxc5 15. gxf5 Nxf5 16. Nxf5 gxf5 17. Bxf5 Qd5 18. Be4 Qd6 19. b5 cxb5 20. Bxb7 Rd8 21. Bxa6 Qxa6 22. Qxc5 Bd5 23. Qe3 Qb6 24. Qxb6 axb6 25. Rg1 Bxf3 26. exf3 Kf7 27. Rc1 Rc8 28. Ke2 Rc4 29. Rg4 Rxc1 30. Bxc1 Rc8 31. Bb2 Rc4 32. Re4 Ke6 33. Kd1 Kf5 34. d3 Rc5 35. f4 exf4 36. Bxf6 Kxf6 37. Rxf4+ Kg6 38. Kd2 Rc7 39. Rd4 Kg7 40. Rg4+ Kh8 41. Rb4 Rf7 42. Ke3 Re7+ 43. Kd2 Rf7 44. Ke3 Re7+ 45. Re4 Ra7 46. Re5 Rxa3 47. Rxb5 Ra6 48. h4 Kg7 49. f4 Ra1 50. d4 Rh1 51. h5 Re1+ 52. Kd3 Re6 53. Re5 Rd6 54. Ke4 Kf7 55. Rf5+ Ke7 56. Rg5 Rh6 57. Rd5 Ke6 58. f5+ Ke7 59. Rb5 Kd7 60. Ke5 Kc6 61. Rb1 Rxh5 62. d5+ Kb7 63. Ke6 Rh2 64. Re1 Rf2 65. f6 b5 66. Ke7 Kb6 67. d6 Kc6 68. d7 1-0

[Event "7th Iberoamerican-ch 2019"]
[Site "Linares"]
[Date "2019.08.17"]
[Round "8.5"]
[White "Escobar Forero, Alder"]
[Black "Krysa, Leandro"]
[Result "1/2-1/2"]
[ECO "C78"]
[WhiteElo "2477"]
[BlackElo "2516"]
[Annotator "ChessBase"]
[PlyCount "38"]
[EventDate "2019.08.10"]
[EventType "swiss"]
[EventCountry "ESP"]
[SourceTitle "playchess.com"]
[Source "ChessBase"]
[SourceQuality "1"]
[TimeControl "5400+30"]

1. e4 e5 2. Nf3 Nc6 3. Bb5 a6 4. Ba4 Nf6 5. O-O b5 6. Bb3 Bb7 7. d3 Be7 8. Nc3 O-O 9. a3 Nd4 10. Ba2 Nxf3+ 11. Qxf3 d6 12. Qg3 c6 13. Be3 Bc8 14. Rad1 a5 15. Ne2 Nh5 16. Qf3 Nf6 17. Qg3 Nh5 18. Qf3 Nf6 19. Qg3 Nh5 1/2-1/2

[Event "7th Iberoamerican-ch 2019"]
[Site "Linares"]
[Date "2019.08.17"]
[Round "8.6"]
[White "Salgado Lopez, Ivan"]
[Black "Salinas Herrera, Pablo"]
[Result "1-0"]
[ECO "A06"]
[WhiteElo "2596"]
[BlackElo "2506"]
[Annotator "ChessBase"]
[PlyCount "129"]
[EventDate "2019.08.10"]
[EventType "swiss"]
[EventCountry "ESP"]
[SourceTitle "playchess.com"]
[Source "ChessBase"]
[SourceQuality "1"]
[TimeControl "5400+30"]

1. Nf3 d5 2. b3 Nf6 3. Bb2 e6 4. g3 Bd6 5. Bg2 O-O 6. c4 b6 7. cxd5 exd5 8. O-O Bb7 9. Nc3 a6 10. e3 Nbd7 11. Rc1 Re8 12. d3 Rc8 13. Re1 Bf8 14. Re2 b5 15. d4 Bd6 16. Rec2 Ne4 17. Bh3 f6 18. Ne1 c6 19. Nd3 Rc7 20. Bg2 f5 21. Nb1 Qe7 22. Nd2 Ndf6 23. Nf3 Rec8 24. Nfe5 g6 25. Qe1 c5 26. dxc5 Nxc5 27. Nxc5 Bxe5 28. Bxe5 Qxe5 29. Qd1 Qe7 30. b4 Ne4 31. Qd4 Ba8 32. a3 Nf6 33. h3 Qd6 34. Rc3 Qb6 35. Kh2 Qd6 36. R1c2 Kf7 37. Bf3 Kg8 38. Kg2 h5 39. h4 Kf7 40. Kf1 Kg8 41. Ke1 Rc6 42. Kd1 Kh7 43. Kc1 Qe7 44. Kb2 Rd8 45. Rd3 Rdc8 46. Rcd2 Rd8 47. Qf4 Rcd6 48. Rd4 Rc8 49. Qg5 a5 50. Bxh5 Qg7 51. Bf3 axb4 52. axb4 Qa7 53. h5 Rxc5 54. bxc5 Ra6 55. Qxg6+ Kh8 56. Kc2 Ne4 57. Qe8+ Kh7 58. Bxe4 fxe4 59. Kd1 b4 60. Rb2 Ra1+ 61. Kd2 Qxc5 62. Qg6+ Kh8 63. Qf6+ Kh7 64. Rc2 Qa5 65. Qg6+ 1-0

[Event "7th Iberoamerican-ch 2019"]
[Site "Linares"]
[Date "2019.08.17"]
[Round "8.9"]
[White "Vazquez Igarza, Renier"]
[Black "Zambrana, Oswaldo"]
[Result "1/2-1/2"]
[ECO "A05"]
[WhiteElo "2570"]
[BlackElo "2440"]
[Annotator "ChessBase"]
[PlyCount "85"]
[EventDate "2019.08.10"]
[EventType "swiss"]
[EventCountry "ESP"]
[SourceTitle "playchess.com"]
[Source "ChessBase"]
[SourceQuality "1"]
[TimeControl "5400+30"]

1. Nf3 Nf6 2. c4 g6 3. g3 Bg7 4. Bg2 O-O 5. O-O c6 6. b3 d5 7. Bb2 Nbd7 8. Qc2 b6 9. Nc3 Bb7 10. d4 Re8 11. Rad1 Rc8 12. e4 dxe4 13. Ne5 Qc7 14. Nxe4 Nxe5 15. dxe5 Nxe4 16. Qxe4 Rcd8 17. Bc3 Ba8 18. c5 Rd5 19. cxb6 axb6 20. Rxd5 cxd5 21. Qe3 e6 22. Rc1 b5 23. Bf1 Bf8 24. Bd4 Qa5 25. Qd3 Rb8 26. h4 h5 27. Be2 b4 28. g4 hxg4 29. Bxg4 Qd8 30. Qg3 Rc8 31. Rxc8 Qxc8 32. h5 Qc2 33. hxg6 Qxg6 34. Kg2 Bc6 35. Be2 Qxg3+ 36. Kxg3 Be7 37. f4 Kg7 38. Ba6 Bd7 39. f5 f6 40. Bb7 exf5 41. Bxd5 fxe5 42. Bxe5+ Kg6 43. Kf3 1/2-1/2

[Event "7th Iberoamerican-ch 2019"]
[Site "Linares"]
[Date "2019.08.17"]
[Round "8.10"]
[White "Gines Esteo, Pedro Antonio"]
[Black "Cruz, Cristhian"]
[Result "0-1"]
[ECO "E29"]
[WhiteElo "2417"]
[BlackElo "2559"]
[Annotator "ChessBase"]
[PlyCount "38"]
[EventDate "2019.08.10"]
[EventType "swiss"]
[EventCountry "ESP"]
[SourceTitle "playchess.com"]
[Source "ChessBase"]
[SourceQuality "1"]
[TimeControl "5400+30"]

1. d4 e6 2. c4 Nf6 3. Nc3 Bb4 4. e3 O-O 5. Bd3 c5 6. a3 Bxc3+ 7. bxc3 Nc6 8. e4 Ne8 9. Ne2 b6 10. Be3 Ba6 11. h4 Na5 12. h5 Rc8 13. h6 g6 14. O-O Bxc4 15. dxc5 bxc5 16. Bxc4 Nxc4 17. Bxc5 Rxc5 18. Qd4 d6 19. Rfd1 Qg5 0-1

[Event "7th Iberoamerican-ch 2019"]
[Site "Linares"]
[Date "2019.08.17"]
[Round "8.11"]
[White "Plazuelo Pascual, Juan"]
[Black "Martinez Duany, Lelys Stanley"]
[Result "1/2-1/2"]
[ECO "C55"]
[WhiteElo "2411"]
[BlackElo "2526"]
[Annotator "ChessBase"]
[PlyCount "82"]
[EventDate "2019.08.10"]
[EventType "swiss"]
[EventCountry "ESP"]
[SourceTitle "playchess.com"]
[Source "ChessBase"]
[SourceQuality "1"]
[TimeControl "5400+30"]

1. e4 e5 2. Nf3 Nc6 3. d4 exd4 4. Bc4 Nf6 5. e5 d5 6. Bb5 Ne4 7. Nxd4 Bd7 8. Bxc6 bxc6 9. O-O Bc5 10. f3 Ng5 11. Be3 Ne6 12. f4 Bxd4 13. Bxd4 c5 14. Bf2 Bb5 15. Re1 Nxf4 16. Bxc5 Ne6 17. Bf2 c5 18. Qf3 Qd7 19. Nd2 O-O 20. Rad1 Bc6 21. Qg4 f5 22. exf6 Rxf6 23. Bg3 d4 24. Ne4 Rg6 25. Qh5 Bd5 26. c4 Bxe4 27. Rxe4 Rd8 28. Re5 Rf8 29. Qe2 Rff6 30. b3 h6 31. Qe4 Qf7 32. Re1 Kh7 33. Qd3 Kg8 34. Qe4 Kh8 35. a3 a5 36. Qa8+ Kh7 37. Qxa5 Qb7 38. Qb5 Qa8 39. Qa4 Qb7 40. Qb5 Qa8 41. Qa4 Qb7 1/2-1/2

[Event "7th Iberoamerican-ch 2019"]
[Site "Linares"]
[Date "2019.08.17"]
[Round "8.12"]
[White "Ladron De Guevara Pinto, Paolo"]
[Black "Cuenca Jimenez, Jose Fernando"]
[Result "0-1"]
[ECO "C52"]
[WhiteElo "2431"]
[BlackElo "2515"]
[Annotator "ChessBase"]
[PlyCount "80"]
[EventDate "2019.08.10"]
[EventType "swiss"]
[EventCountry "ESP"]
[SourceTitle "playchess.com"]
[Source "ChessBase"]
[SourceQuality "1"]
[TimeControl "5400+30"]

1. e4 e5 2. Nf3 Nc6 3. Bc4 Bc5 4. b4 Bxb4 5. c3 Ba5 6. d4 d6 7. Qb3 Qd7 8. O-O Bb6 9. dxe5 Na5 10. Qb4 Nxc4 11. Qxc4 dxe5 12. Nxe5 Qe6 13. Qa4+ c6 14. Nf3 Ne7 15. Ba3 O-O 16. Nbd2 Re8 17. Rfe1 Qg6 18. Rab1 Bc7 19. Kh1 Qh5 20. e5 Nd5 21. Ne4 b5 22. Qd4 Bg4 23. Ng3 Qg6 24. Nd2 Rad8 25. f3 Bc8 26. Bd6 Bb6 27. Qh4 Nxc3 28. Ra1 Nd5 29. Ngf1 f6 30. f4 Qg4 31. Qxg4 Bxg4 32. g3 fxe5 33. fxe5 c5 34. Kg2 c4 35. a4 c3 36. Nb3 bxa4 37. Rxa4 Bd7 38. Raa1 Bc6 39. Kh3 Re6 40. g4 Nf4+ 0-1

[Event "7th Iberoamerican-ch 2019"]
[Site "Linares"]
[Date "2019.08.17"]
[Round "8.13"]
[White "Matamoros Franco, Carlos S."]
[Black "Damaso, Rui"]
[Result "1/2-1/2"]
[ECO "A30"]
[WhiteElo "2498"]
[BlackElo "2417"]
[Annotator "ChessBase"]
[PlyCount "34"]
[EventDate "2019.08.10"]
[EventType "swiss"]
[EventCountry "ESP"]
[SourceTitle "playchess.com"]
[Source "ChessBase"]
[SourceQuality "1"]
[TimeControl "5400+30"]

1. c4 c5 2. Nf3 g6 3. d4 Bg7 4. e4 d6 5. d5 e6 6. Nc3 exd5 7. cxd5 a6 8. Bf4 b5 9. h3 Nf6 10. Bd3 O-O 11. O-O Re8 12. Re1 Bb7 13. a3 Qb6 14. Qd2 Nbd7 15. b4 Rac8 16. Rac1 Nh5 17. Be3 Qd8 1/2-1/2

[Event "7th Iberoamerican-ch 2019"]
[Site "Linares"]
[Date "2019.08.17"]
[Round "8.14"]
[White "Aizpurua, Patrick"]
[Black "Moreno Ruiz, Javier"]
[Result "1/2-1/2"]
[ECO "E04"]
[WhiteElo "2261"]
[BlackElo "2473"]
[Annotator "ChessBase"]
[PlyCount "82"]
[EventDate "2019.08.10"]
[EventType "swiss"]
[EventCountry "ESP"]
[SourceTitle "playchess.com"]
[Source "ChessBase"]
[SourceQuality "1"]
[TimeControl "5400+30"]

1. c4 Nf6 2. g3 e6 3. Nf3 d5 4. d4 dxc4 5. Bg2 a6 6. a4 Nc6 7. O-O Rb8 8. Bg5 Be7 9. Nc3 h6 10. Bxf6 Bxf6 11. e3 O-O 12. Nd2 Na5 13. Qe2 c5 14. dxc5 Bxc3 15. bxc3 Qc7 16. Nxc4 Qxc5 17. Nxa5 Qxa5 18. Qc4 Bd7 19. Rfd1 Rfc8 20. Qb4 Qc7 21. a5 Bc6 22. Bxc6 Qxc6 23. Rd6 Qf3 24. Rad1 Rc7 25. Qb1 g6 26. Rd8+ Rxd8 27. Rxd8+ Kh7 28. Qd3 Qf6 29. Rd7 Qe5 30. Rxc7 Qxc7 31. Qe4 Kg7 32. Qb4 h5 33. h4 e5 34. e4 Kf6 35. Kf1 Ke6 36. Qb3+ Kf6 37. Qb4 Qc6 38. Ke2 Ke6 39. f3 Kd7 40. Kd2 Qd6+ 41. Kc2 Qc6 1/2-1/2

[Event "7th Iberoamerican-ch 2019"]
[Site "Linares"]
[Date "2019.08.17"]
[Round "8.15"]
[White "Fier, Alexandr"]
[Black "Merario Alarcon, Andres"]
[Result "1-0"]
[ECO "A13"]
[WhiteElo "2558"]
[BlackElo "2392"]
[Annotator "ChessBase"]
[PlyCount "67"]
[EventDate "2019.08.10"]
[EventType "swiss"]
[EventCountry "ESP"]
[SourceTitle "playchess.com"]
[Source "ChessBase"]
[SourceQuality "1"]
[TimeControl "5400+30"]

1. c4 e6 2. Nf3 d5 3. e3 Nf6 4. b3 Be7 5. Bb2 O-O 6. Nc3 c5 7. cxd5 Nxd5 8. Qc2 Nc6 9. a3 b6 10. h4 f5 11. Nxd5 exd5 12. d4 Be6 13. Ba6 Rb8 14. O-O Qd6 15. Rfe1 Na5 16. b4 c4 17. Bb5 Nb3 18. Rad1 Bd7 19. Bxc4 Rbc8 20. Qxb3 dxc4 21. Qc2 Qd5 22. e4 fxe4 23. Qxe4 Qxe4 24. Rxe4 Bf6 25. Ne5 Bf5 26. Rf4 c3 27. Bc1 Be6 28. Re1 Rfd8 29. b5 Bd5 30. Re3 Bb7 31. a4 Rd5 32. Rxf6 gxf6 33. Rg3+ Kf8 34. Ba3+ 1-0

[Event "7th Iberoamerican-ch 2019"]
[Site "Linares"]
[Date "2019.08.17"]
[Round "8.16"]
[White "Lacayo, Rene"]
[Black "Espinosa Aranda, Angel"]
[Result "0-1"]
[ECO "A41"]
[WhiteElo "2274"]
[BlackElo "2497"]
[Annotator "ChessBase"]
[PlyCount "68"]
[EventDate "2019.08.10"]
[EventType "swiss"]
[EventCountry "ESP"]
[SourceTitle "playchess.com"]
[Source "ChessBase"]
[SourceQuality "1"]
[TimeControl "5400+30"]

1. d4 d6 2. Nf3 Nf6 3. g3 g6 4. Bg2 Bg7 5. O-O O-O 6. b3 a5 7. a3 b5 8. Bb2 Bb7 9. Nbd2 Nbd7 10. c4 bxc4 11. Nxc4 c5 12. dxc5 Nxc5 13. b4 axb4 14. axb4 Ncd7 15. Rxa8 Qxa8 16. Qa1 Qb8 17. Bc3 Rc8 18. Na5 Be4 19. Nh4 Bxg2 20. Nxg2 Qb5 21. Qb2 Nb6 22. Bd4 Na4 23. Qb3 e5 24. Ba1 Nd5 25. Ne3 Ndc3 26. Re1 d5 27. Kg2 d4 28. Nec4 Bf8 29. Bxc3 Nxc3 30. f4 exf4 31. gxf4 Bxb4 32. e4 dxe3 33. Rxe3 Qd5+ 34. Kg3 Bxa5 0-1

[Event "7th Iberoamerican-ch 2019"]
[Site "Linares"]
[Date "2019.08.17"]
[Round "8.17"]
[White "Garriga Cazorla, Pere"]
[Black "Matnadze, Ana"]
[Result "0-1"]
[ECO "A05"]
[WhiteElo "2495"]
[BlackElo "2363"]
[Annotator "ChessBase"]
[PlyCount "58"]
[EventDate "2019.08.10"]
[EventType "swiss"]
[EventCountry "ESP"]
[SourceTitle "playchess.com"]
[Source "ChessBase"]
[SourceQuality "1"]
[TimeControl "5400+30"]

1. Nf3 Nf6 2. c4 e6 3. Nc3 d5 4. d4 g6 5. Bg5 Bg7 6. e3 O-O 7. Bd3 dxc4 8. Bxc4 c5 9. O-O cxd4 10. Nxd4 Qa5 11. Bh4 Nc6 12. Nxc6 bxc6 13. Qa4 Qxa4 14. Nxa4 Nd5 15. Bb3 Nb6 16. Rfd1 Ba6 17. Nc5 Bc4 18. Rd2 Rfb8 19. Rc1 Bxb3 20. Nxb3 Nd5 21. Bg3 Rb6 22. Bd6 a5 23. Bc5 Rb7 24. Nd4 Nb4 25. a4 Rd8 26. Rcd1 Rd5 27. Bxb4 Rxb4 28. Nxc6 Rxd2 29. Rxd2 Rc4 0-1

[Event "7th Iberoamerican-ch 2019"]
[Site "Linares"]
[Date "2019.08.17"]
[Round "8.18"]
[White "Fluvia Poyatos, Jordi"]
[Black "Blanco Acevedo, Cristobal Jose"]
[Result "1-0"]
[ECO "B07"]
[WhiteElo "2455"]
[BlackElo "2342"]
[Annotator "ChessBase"]
[PlyCount "113"]
[EventDate "2019.08.10"]
[EventType "swiss"]
[EventCountry "ESP"]
[SourceTitle "playchess.com"]
[Source "ChessBase"]
[SourceQuality "1"]
[TimeControl "5400+30"]

1. e4 d6 2. d4 Nf6 3. Nc3 g6 4. Bg5 c6 5. Qd2 Nbd7 6. O-O-O h6 7. Bh4 g5 8. Bg3 Nh5 9. e5 Nxg3 10. hxg3 Nb6 11. Qe3 Bg7 12. f4 g4 13. Bd3 Nd5 14. Nxd5 cxd5 15. Ne2 e6 16. Rh4 Bd7 17. Rxg4 Bf8 18. Kb1 Qb6 19. Nc1 O-O-O 20. Rh4 Be7 21. Rh5 dxe5 22. Qxe5 f6 23. Qe3 e5 24. fxe5 fxe5 25. Rxe5 Bg5 26. Qf3 Kb8 27. Bf5 Bc6 28. Nb3 Ka8 29. g4 Rhe8 30. Qc3 Bf4 31. Rxe8 Rxe8 32. Re1 Rxe1+ 33. Qxe1 a6 34. Qe7 Qc7 35. Qxc7 Bxc7 36. Nc5 Bd6 37. c3 Ka7 38. Kc2 Kb6 39. Nd3 a5 40. Kd2 Bb5 41. Ne5 Bf1 42. g3 Be7 43. Ng6 Bg5+ 44. Nf4 Kc6 45. Bd3 Bxd3 46. Kxd3 b5 47. b3 Kd6 48. a4 b4 49. c4 dxc4+ 50. Kxc4 Kc6 51. Kd3 Kd6 52. Ke4 Bf6 53. Nd5 Bd8 54. Ne3 Ke6 55. Nf5 Bg5 56. d5+ Kf6 57. Nd6 1-0

[Event "7th Iberoamerican-ch 2019"]
[Site "Linares"]
[Date "2019.08.17"]
[Round "8.19"]
[White "Cruz Ravina, Francisco Javier"]
[Black "Cori T., Deysi"]
[Result "1-0"]
[ECO "C00"]
[WhiteElo "2366"]
[BlackElo "2400"]
[Annotator "NA"]
[PlyCount "91"]
[EventDate "2019.08.10"]
[EventType "swiss"]
[EventCountry "ESP"]
[SourceTitle "playchess.com"]
[Source "ChessBase"]
[SourceQuality "1"]
[TimeControl "5400+30"]

1. e4 e6 2. b3 d5 3. Bb2 Nf6 4. e5 Nfd7 5. f4 c5 6. Nf3 Nc6 7. g3 Qc7 8. Bg2 Be7 9. O-O b6 10. Nc3 Ba6 11. Re1 O-O 12. a4 Rad8 13. Nb5 Qb8 14. d4 Bc8 15. dxc5 bxc5 16. f5 d4 17. Qe2 exf5 18. e6 Nb6 19. exf7+ Rxf7 20. Bc1 d3 21. cxd3 Nd5 22. Ng5 Rf6 23. Bxd5+ Rxd5 24. Qh5 h6 25. Bb2 Rxd3 26. Bxf6 Rxg3+ 27. hxg3 Qxg3+ 28. Kf1 hxg5 29. Bxe7 f4 30. Qe8+ Kh7 31. Qh5+ Kg8 32. Qxg5 Bh3+ 33. Ke2 Qe3+ 34. Kd1 Qxb3+ 35. Kc1 Nb4 36. Qg6 Qc4+ 37. Kd2 Qd5+ 38. Kc3 Qf3+ 39. Kd2 Qd5+ 40. Ke2 Qc4+ 41. Kf3 Qb3+ 42. Kf2 Nd3+ 43. Kg1 f3 44. Qe8+ Kh7 45. Qh5+ Kg8 46. Qxf3 1-0

[Event "7th Iberoamerican-ch 2019"]
[Site "Linares"]
[Date "2019.08.17"]
[Round "8.20"]
[White "Teran Alvarez, Ismael"]
[Black "Gavarrete, Nahun"]
[Result "1-0"]
[ECO "B70"]
[WhiteElo "2392"]
[BlackElo "2349"]
[Annotator "NA"]
[PlyCount "65"]
[EventDate "2019.08.10"]
[EventType "swiss"]
[EventCountry "ESP"]
[SourceTitle "playchess.com"]
[Source "ChessBase"]
[SourceQuality "1"]
[TimeControl "5400+30"]

1. e4 c5 2. Nf3 d6 3. d4 cxd4 4. Nxd4 Nf6 5. Nc3 g6 6. Bc4 Bg7 7. O-O O-O 8. Re1 Nc6 9. Nb3 Bd7 10. Bf1 Rc8 11. Nd5 Ne5 12. c3 Re8 13. a4 Nc4 14. a5 Nxd5 15. exd5 b5 16. axb6 axb6 17. Nd4 b5 18. Ra7 Rc5 19. Nc2 Nb6 20. Nb4 Qb8 21. Ra1 Qb7 22. Be3 Na4 23. Bxc5 dxc5 24. Nc6 Bxc6 25. dxc6 Qxc6 26. Bxb5 Qxb5 27. Qxa4 Qxa4 28. Rxa4 Rb8 29. Ra2 f5 30. g3 Kf7 31. Rd1 Rb7 32. Rd2 Bh6 33. Re2 1-0

[Event "7th Iberoamerican-ch 2019"]
[Site "Linares"]
[Date "2019.08.17"]
[Round "8.21"]
[White "Romero Berruezo, Francisco"]
[Black "Vega Gutierrez, Sabrina"]
[Result "0-1"]
[ECO "B33"]
[WhiteElo "2161"]
[BlackElo "2385"]
[Annotator "NA"]
[PlyCount "100"]
[EventDate "2019.08.10"]
[EventType "swiss"]
[EventCountry "ESP"]
[SourceTitle "playchess.com"]
[Source "ChessBase"]
[SourceQuality "1"]
[TimeControl "5400+30"]

1. e4 c5 2. Nf3 Nc6 3. d4 cxd4 4. Nxd4 Nf6 5. Nc3 e5 6. Ndb5 d6 7. Bg5 a6 8. Na3 b5 9. Bxf6 gxf6 10. Nd5 f5 11. c3 Bg7 12. exf5 Bxf5 13. Nc2 O-O 14. Nce3 Be6 15. Bd3 f5 16. Bc2 Kh8 17. Qh5 e4 18. Nf4 Qe8 19. Qxe8 Raxe8 20. Bb3 Bc8 21. Rd1 Be5 22. g3 Na5 23. Bd5 Nb7 24. Bxb7 Bxb7 25. Nfd5 Rf7 26. Ke2 a5 27. Rd2 Ref8 28. Nf4 Rc8 29. Rhd1 Ba6 30. Rxd6 Bxd6 31. Rxd6 Bb7 32. Kd2 Bc6 33. b3 Rd7 34. Rxd7 Bxd7 35. c4 bxc4 36. bxc4 Kg7 37. Kc3 Kf6 38. Kd4 Rb8 39. Ned5+ Kf7 40. Kc3 Rb1 41. Ne3 Ra1 42. Kb2 Rh1 43. h4 Rh2 44. Nfg2 Kf6 45. Kc3 Ke5 46. c5 Bb5 47. Nf4 Rxf2 48. a4 Ba6 49. Nc4+ Bxc4 50. Kxc4 Rb2 0-1

[Event "7th Iberoamerican-ch 2019"]
[Site "Linares"]
[Date "2019.08.17"]
[Round "8.22"]
[White "Valenzuela Gomez, Fernando"]
[Black "Guerrero Vargas, Andres Jesus"]
[Result "1/2-1/2"]
[ECO "E21"]
[WhiteElo "2388"]
[BlackElo "2342"]
[Annotator "NA"]
[PlyCount "114"]
[EventDate "2019.08.10"]
[EventType "swiss"]
[EventCountry "ESP"]
[SourceTitle "playchess.com"]
[Source "ChessBase"]
[SourceQuality "1"]
[TimeControl "5400+30"]

1. d4 Nf6 2. c4 e6 3. Nc3 Bb4 4. Nf3 b6 5. e3 Bb7 6. Bd3 O-O 7. O-O d5 8. cxd5 exd5 9. Ne5 c5 10. Bd2 Nbd7 11. a3 Bxc3 12. Bxc3 Nxe5 13. dxe5 Ne4 14. Bxe4 dxe4 15. Qg4 Qe7 16. Rfd1 Rad8 17. Rd6 Bc8 18. Qf4 Rxd6 19. exd6 Qe6 20. h3 f6 21. Rd1 Rd8 22. Kh2 Ba6 23. f3 Bd3 24. fxe4 Qxe4 25. Qg3 Kf7 26. Rd2 c4 27. Rf2 Qe6 28. Kg1 Qxd6 29. Qh4 Qe6 30. Qg3 Qd6 31. Qh4 Re8 32. Bd4 Re6 33. Qh5+ Kg8 34. Qg4 h6 35. Qf3 Re4 36. Qh5 Qe7 37. Qd5+ Qe6 38. Qd8+ Kh7 39. Rf3 h5 40. Qb8 Qd7 41. Kh2 Rxd4 42. exd4 Qxd4 43. Qe8 Bg6 44. Qe2 b5 45. Qf2 Qe5+ 46. Kh1 a5 47. Qd2 Bd3 48. Re3 Qg5 49. Qf2 b4 50. axb4 axb4 51. b3 Qc5 52. Qd2 Bg6 53. bxc4 Qxc4 54. Qd1 Qf4 55. Qf3 Qc4 56. Qd1 Kh6 57. Rb3 Kh7 1/2-1/2

[Event "7th Iberoamerican-ch 2019"]
[Site "Linares"]
[Date "2019.08.17"]
[Round "8.24"]
[White "Garcia Martin, Marta"]
[Black "Mieles Palau, Daniel"]
[Result "0-1"]
[ECO "B31"]
[WhiteElo "2313"]
[BlackElo "2384"]
[Annotator "NA"]
[PlyCount "108"]
[EventDate "2019.08.10"]
[EventType "swiss"]
[EventCountry "ESP"]
[SourceTitle "playchess.com"]
[Source "ChessBase"]
[SourceQuality "1"]
[TimeControl "5400+30"]

1. e4 c5 2. Nf3 Nc6 3. Bb5 g6 4. Bxc6 dxc6 5. d3 Bg7 6. h3 Nf6 7. Nc3 Nd7 8. Be3 e5 9. Qd2 h6 10. O-O b6 11. Nh2 Nf8 12. f4 exf4 13. Bxf4 Ne6 14. Bg3 Qg5 15. Qe1 Nd4 16. Bf4 Qe7 17. Qd2 g5 18. Bg3 h5 19. Rae1 h4 20. Nd5 Qf8 21. Nc7+ Kd7 22. Nxa8 hxg3 23. Ng4 Ne6 24. Rf5 Rh4 25. c3 Rxg4 26. hxg4 Qh8 27. Qe3 Be5 28. Kf1 Ke7 29. Ke2 Nf4+ 30. Kd2 Bxf5 31. exf5 f6 32. Qxg3 Qxa8 33. Qf3 Kf7 34. g3 Nd5 35. Qh1 Kg7 36. Qh5 Ne7 37. Rh1 Qg8 38. Kc2 Bxg3 39. Rh3 Bh4 40. Re3 Qf7 41. Qxf7+ Kxf7 42. Re6 Bg3 43. Kd1 Be5 44. Ke2 Ke8 45. Kf3 Kd7 46. Ke4 Nd5 47. d4 cxd4 48. cxd4 Nc7 49. Rxe5 fxe5 50. dxe5 c5 51. a4 Kc6 52. f6 Ne6 53. Kf5 Kd5 54. f7 a6 0-1

[Event "7th Iberoamerican-ch 2019"]
[Site "Linares"]
[Date "2019.08.17"]
[Round "8.25"]
[White "Moral Garcia, Serafin"]
[Black "Sos Andreu, Eric"]
[Result "1-0"]
[ECO "B14"]
[WhiteElo "2281"]
[BlackElo "2354"]
[Annotator "NA"]
[PlyCount "119"]
[EventDate "2019.08.10"]
[EventType "swiss"]
[EventCountry "ESP"]
[SourceTitle "playchess.com"]
[Source "ChessBase"]
[SourceQuality "1"]
[TimeControl "5400+30"]

1. e4 c6 2. d4 d5 3. exd5 cxd5 4. c4 Nf6 5. Nc3 g6 6. cxd5 Bg7 7. Bb5+ Nbd7 8. d6 exd6 9. Qe2+ Qe7 10. Bf4 Qxe2+ 11. Bxe2 Ke7 12. Bf3 Nb6 13. Nge2 h6 14. h4 d5 15. a4 Be6 16. a5 Nc4 17. b3 Nd6 18. Be5 Nde4 19. Bxe4 dxe4 20. d5 Bf5 21. Ra4 Rhe8 22. Rb4 Kf8 23. Bd6+ Kg8 24. Rxb7 e3 25. f3 Bd3 26. Bc5 Rac8 27. b4 Bxe2 28. Kxe2 Nh5 29. Ne4 f5 30. Nd6 Nf4+ 31. Kd1 Nxd5 32. Nxc8 e2+ 33. Kd2 Bc3+ 34. Kd3 e1=Q 35. Rxe1 Bxe1 36. Ne7+ Nxe7 37. Rxe7 Rxe7 38. Bxe7 Kf7 39. Bc5 Ke6 40. Kc4 a6 41. b5 axb5+ 42. Kxb5 Kd7 43. Kb6 Kc8 44. a6 Kb8 45. h5 gxh5 46. Kc6 h4 47. Kd6 Bg3+ 48. Ke6 f4 49. Kf5 Kc7 50. Kg6 Kc6 51. Kxh6 Kc7 52. Kg5 Kc6 53. Kg4 Kxc5 54. a7 Kd4 55. a8=Q Ke3 56. Qa2 Kd3 57. Qb2 Ke3 58. Qc2 Be1 59. Qe4+ Kf2 60. Kxf4 1-0

[Event "7th Iberoamerican-ch 2019"]
[Site "Linares"]
[Date "2019.08.17"]
[Round "8.26"]
[White "Perez Garcia, Alejandro"]
[Black "Garcia, Jhoel"]
[Result "0-1"]
[ECO "A05"]
[WhiteElo "2347"]
[BlackElo "2290"]
[Annotator "NA"]
[PlyCount "74"]
[EventDate "2019.08.10"]
[EventType "swiss"]
[EventCountry "ESP"]
[SourceTitle "playchess.com"]
[Source "ChessBase"]
[SourceQuality "1"]
[TimeControl "5400+30"]

1. Nf3 Nf6 2. c4 g6 3. b3 Bg7 4. Bb2 d6 5. d4 O-O 6. g3 e5 7. dxe5 Nfd7 8. Nc3 dxe5 9. Bg2 Nc6 10. O-O e4 11. Ne1 Nc5 12. Nc2 Bg4 13. b4 Nd3 14. Qb1 Nxb2 15. Qxb2 Bxe2 16. Rfe1 Qd3 17. Bxe4 Qxc3 18. Qxc3 Bxc3 19. Rxe2 Bxa1 20. Bxc6 bxc6 21. Nxa1 Rfe8 22. Kf1 a5 23. Rxe8+ Rxe8 24. bxa5 Re4 25. Nb3 Rxc4 26. Ke2 Ra4 27. Kd3 c5 28. Kc3 Rxa2 29. Kc4 Ra3 30. f4 h5 31. h3 Kg7 32. g4 h4 33. g5 Kg8 34. Nxc5 Rxa5 35. Kd5 Ra3 36. Ke5 Rxh3 37. Nd7 Re3+ 0-1

[Event "7th Iberoamerican-ch 2019"]
[Site "Linares"]
[Date "2019.08.17"]
[Round "8.28"]
[White "Domingo Nunez, Ruben"]
[Black "Silva, Goncalo Nuno Neto Pi"]
[Result "1-0"]
[ECO "C55"]
[WhiteElo "2345"]
[BlackElo "2085"]
[Annotator "NA"]
[PlyCount "89"]
[EventDate "2019.08.10"]
[EventType "swiss"]
[EventCountry "ESP"]
[SourceTitle "playchess.com"]
[Source "ChessBase"]
[SourceQuality "1"]
[TimeControl "5400+30"]

1. e4 e5 2. Nf3 Nc6 3. Bc4 Nf6 4. d3 h6 5. O-O d6 6. c3 g5 7. b4 Bg7 8. Bb3 O-O 9. Nbd2 a6 10. a4 d5 11. Ba3 b5 12. Bb2 Be6 13. Qe2 g4 14. Ne1 Qd7 15. f4 dxe4 16. fxe5 Nxe5 17. d4 Ng6 18. Nc2 Nd5 19. Nxe4 Ndf4 20. Qd2 Bxb3 21. Nc5 Qd5 22. Ne3 Qg5 23. Nxb3 Rfe8 24. Rae1 bxa4 25. Nc5 a5 26. b5 Rad8 27. Ba3 Nd5 28. Bc1 Nxe3 29. Rxe3 Qxe3+ 30. Qxe3 Rxe3 31. Bxe3 Rb8 32. c4 Rd8 33. Nb7 Rxd4 34. Bxd4 Bxd4+ 35. Kh1 a3 36. Nxa5 Ne5 37. Nb3 Bb2 38. c5 Kf8 39. b6 cxb6 40. cxb6 Nd7 41. b7 Ke7 42. Rd1 Be5 43. Na5 Kd8 44. Nc6+ Kc7 45. b8=Q+ 1-0